AoeStats
← Blad_esfz

Arabia

508100966Analyzed
1v1 RM · 13d ago on Sep 20, 2026· 45m 9s· 2 players
Game mode
Random Map
Map size
Tiny (2 player)
Population
200
Speed
Normal
Resources
Standard
Victory
Conquest
Starting age
Dark Age
Ending age
Imperial Age
RankedLock teamsTeams togetherTeam positionsShared explorationLock speedFull tech treeHidden civsTurbo modeCheats
Victory
Defeat
🇦🇷 Mongols · Argentina
930
+14
🇨🇱 Huns · Chile
897
-14
Blad_esfz
12:39 Feudal Age
13:01 Loom
13:18 Double-Bit Axe
16:07 Forging
18:51 Castle Age
17:29 Gold Mining
17:59 Bloodlines
19:23 Scale Barding Armor
20:00 Stone Mining
21:59 Iron Casting
24:58 Husbandry
33:40 Gold Mining
34:22 Chain Barding Armor
35:22 Wheelbarrow
34:22 Light Cavalry
38:35 Squires
38:20 Arson
40:22 Gold Shaft Mining
39:53 Pikeman
danigomezrinaldi
9:17 Loom
11:12 Feudal Age
12:00 Feudal Age
12:05 Feudal Age
16:44 Castle Age
14:34 Double-Bit Axe
14:52 Horse Collar
15:52 Gold Mining
17:43 Bow Saw
25:58 Gold Shaft Mining
27:14 Heavy Plow
32:18 Imperial Age
30:28 Wheelbarrow
32:41 Heavy Camel Rider
33:33 Stone Mining
34:11 Husbandry
34:19 Scale Barding Armor
34:50 Hand Cart
34:50 Forging
35:22 Bloodlines
36:54 Conscription
37:22 Chain Barding Armor
38:30 Iron Casting
41:11 Drill
41:48 Capped Ram
Connection lost

Rejoining the realm…

Still unreachable

The connection could not be restored.

Session expired

The server has moved on; the page needs a fresh start.